Map: Purity and Industry LE

Players

Gilad

  • Race: Zerg Zerg
  • Spawn Location: 3:00

JohnnyV - Winner!

  • Race: Terran Terran
  • League: Silver
  • Spawn Location: 12:00

VOD

Have the link to the VOD?

Description

Time

  • Played on: May 18, 2020, 2:46 p.m.
  • Length: 14:30
Show
View Real Time Build Order
Export as new Build Order

Gilad Zerg 

Build Orders: Hatch First 

Get SALT Encoding   

  12  0:02  Drone  
  13  0:11  Drone  
  14  0:19  Overlord  
  14  0:38  Drone x3  
  17  1:03  Hatchery  
  16  1:05  Drone x2  
  18  1:16  Spawning Pool  
  18  1:17  Extractor  
  16  1:25  Drone x2  
  18  1:40  Drone  
  19  1:52  Drone  
  20  2:05  Queen  
  22  2:09  Overlord  
  22  2:18  Queen  
  22  2:21  Drone  
  22  2:22  Overlord, Drone  
  26  2:41  Zergling x4  
  27  2:50  Zergling x4  
  28  3:04  Drone x2  
  30  3:21  Zergling x2, Overlord  
  30  3:22  Drone x3  
  34  3:30  Roach Warren  
  33  3:35  Queen  
  33  3:36  Queen  
  37  3:52  Drone x3  
  37  3:53  Drone x2  
  42  4:06  Evolution Chamber  
  42  4:07  Overlord, Drone x2  
  42  4:08  Overlord  
  43  4:25  Overlord  
  43  4:27  Roach x2  
  43  4:30  Hatchery  
  46  4:42  Zerg Melee Weapons Level 1  
  46  4:46  Lair  
  46  4:50  Drone, Extractor  
  46  4:51  Drone x5  
  51  5:15  Zergling x6  
  51  5:16  Overlord, Drone x2  
  56  5:24  Evolution Chamber  
  41  6:09  Zergling x2  
  41  6:10  Zergling x4, Drone x3  
  41  6:11  Drone  
  48  6:14  Metabolic Boost  
  48  6:17  Queen  
  48  6:18  Queen  
  52  6:36  Drone x2  
  54  6:45  Zerg Ground Armor Level 1  
  54  6:57  Extractor  
  54  6:58  Queen  
  55  7:02  Drone x4  
  55  7:03  Drone  
  55  7:06  Roach x2  
  55  7:07  Roach  
  60  7:34  Queen  
  62  7:51  Drone x2  
  62  7:52  Overlord x2, Drone  
  62  7:53  Drone x3  
  68  8:00  Overlord, Drone x3  
  68  8:05  Glial Reconstitution  
  71  8:17  Zergling x8  
  71  8:18  Zergling x2  
  76  8:25  Baneling Nest  
  75  8:34  Zerg Missile Weapons Level 1  
  75  8:36  Roach  
  75  8:39  Zerg Melee Weapons Level 2  
  76  9:21  Overlord  
  76  9:22  Drone x4  
  76  9:23  Roach, Drone x2  
  76  9:24  Roach x2  
  88  9:27  Extractor  
  87  9:32  Zergling x2  
  87  9:33  Zergling x6  
  87  9:38  Centrifical Hooks  
  91  9:47  Overseer, Hydralisk Den  
  90  10:04  Baneling  
  90  10:05  Baneling x4  
  90  10:21  Baneling x3  
  90  10:32  Spore Crawler, Drone x5  
  90  10:33  Drone  
  95  10:37  Spore Crawler  
  94  10:46  Muscular Augments  
  94  10:48  Hydralisk x3  
  100  10:50  Zergling x8  
  100  10:51  Zergling x4  
  106  11:04  Extractor  
  105  11:13  Zergling x2  
  105  11:15  Baneling x3  
  105  11:16  Baneling x5  
  105  11:17  Baneling  
  106  11:19  Overlord x2  
  106  11:32  Hatchery  
  105  11:35  Spore Crawler  
  103  11:46  Spine Crawler  
  93  12:16  Spore Crawler  
  93  12:18  Drone x3  
  93  12:19  Drone x4  
  99  12:26  Drone x2  
  99  12:27  Zergling x6  
  87  12:56  Roach x3  
  87  12:57  Zergling x6, Roach x2  
  100  13:14  Hydralisk x2  
  100  13:15  Hydralisk x2  
  108  13:21  Baneling  
  108  13:22  Baneling x2  
  83  13:48  Zergling x8  
  74  13:49  Zergling x10  
  77  13:59  Zergling x2  
  77  14:00  Zergling x2  
Show
View Real Time Build Order
Export as new Build Order

JohnnyV Terran - Winner!

Build Orders: Liberator Opening 

Get SALT Encoding   

  12  0:01  SCV  
  13  0:17  Supply Depot  
  13  0:18  SCV  
  14  0:26  Refinery  
  14  0:30  SCV  
  15  0:42  SCV  
  15  0:46  Barracks  
  16  0:55  SCV  
  17  1:03  Refinery  
  17  1:07  SCV  
  18  1:19  SCV  
  19  1:26  Supply Depot  
  19  1:31  SCV  
  20  1:34  Reaper  
  21  1:43  SCV  
  22  1:53  Bunker  
  22  1:57  Factory  
  22  2:00  SCV  
  23  2:10  Barracks Reactor  
  23  2:13  Orbital Command  
  23  2:47  Marine x2  
  24  3:02  Factory Tech Lab  
  24  3:17  Supply Depot  
  24  3:22  Supply Depot  
  24  3:23  Starport  
  24  3:24  SCV  
  24  3:25  Marine x2  
  29  3:29  Siege Tank  
  30  3:55  SCV  
  30  3:59  Marine x2  
  33  4:06  Liberator  
  36  4:30  Command Center  
  36  4:33  Engineering Bay  
  36  4:37  SCV  
  36  4:38  Engineering Bay  
  37  4:39  Marine  
  37  4:41  Hellion x2  
  42  4:50  SCV  
  43  4:56  Supply Depot  
  43  4:57  Starport Reactor, Marine  
  44  5:00  Combat Shield  
  44  5:10  Terran Infantry Weapons Level 1  
  44  5:11  Terran Infantry Armor Level 1  
  44  5:13  SCV  
  45  5:18  Supply Depot  
  45  5:23  Marine  
  45  5:25  SCV  
  49  5:28  Hellion  
  49  5:41  Marine  
  50  5:50  Orbital Command  
  50  5:52  SCV  
  52  6:04  SCV  
  52  6:16  Medivac x2  
  53  6:19  Hellion x2  
  57  6:26  SCV x2  
  59  6:34  Refinery  
  59  6:35  Refinery  
  59  6:40  Barracks  
  59  6:41  Barracks  
  59  6:48  Factory  
  59  6:51  Medivac x2  
  59  6:52  Hellion x2  
  67  7:02  Concussive Shells  
  67  7:05  Marauder  
  63  7:46  Armory  
  63  7:57  Marine x3  
  66  8:00  Factory Tech Lab  
  66  8:02  Medivac x2  
  70  8:12  Widow Mine x2  
  74  8:15  Marine  
  75  8:21  Marine x2  
  75  8:26  Supply Depot  
  77  8:28  Supply Depot  
  77  8:33  Marine, Siege Tank  
  81  8:36  Terran Vehicle And Ship Armor Level 1  
  81  8:37  Terran Infantry Weapons Level 2  
  81  8:39  Marauder  
  84  8:46  Barracks Reactor  
  83  8:51  Viking x2  
  87  8:56  Hellbat x2  
  87  9:01  Marauder  
  93  9:20  Siege Tank  
  93  9:21  Barracks Tech Lab  
  96  9:24  Stimpack  
  96  9:39  Marine x4  
  96  9:43  Viking  
  102  10:01  Supply Depot, Marauder x2, Siege Tank  
  102  10:05  Supply Depot  
  102  10:06  Missile Turret  
  109  10:14  SCV  
  110  10:23  SCV  
  111  10:32  Marine  
  111  10:33  Marine x2  
  114  10:38  Terran Vehicle And Ship Armor Level 2  
  114  10:44  Neosteel Armor  
  114  10:53  Terran Infantry Armor Level 2  
  114  11:12  Marine x2  
  114  11:13  Marine x2  
  120  11:18  Hellbat  
  120  11:31  Marauder x2  
  120  11:32  SCV x2  
  126  11:36  Supply Depot  
  118  12:06  Marine  
  123  12:08  Marauder x2, Marine  
  124  12:24  Marine  
  125  12:49  Marine x4  
  93  13:07  Marine x4  
  97  13:16  Command Center  
  97  13:21  Refinery  
  97  13:24  Marine  
  97  13:25  Marine x3  
  94  13:42  Marine x3  
  94  13:43  Marine  
  93  14:00  Marine x4  
Tags
 
Add a new tag
Caveats
  • Supply blocks, unpowered buildings, or Contaminate may cause inaccurate times.
  • Supply counts are checked every 10 seconds.